 Dungeon Crawl Stone Soup version 0.23-a0-143-g1adec7b (webtiles) character file.

1820 Gorice the Fighter (level 8, 0/69 HPs)
             Began as a Demonspawn Wanderer on Sept 1, 2018.
             Was an Initiate of Ru.
             Slain by an orc warrior
             ... wielding a cursed +0 battleaxe
              (7 damage)
             ... on level 4 of the Dungeon.
             The game lasted 00:32:45 (6714 turns).

Gorice the Fighter (Demonspawn Wanderer)            Turns: 6714, Time: 00:32:46

Health: 0/69       AC: 11    Str: 16    XL:     8   Next: 85%
Magic:  9/9        EV:  8    Int: 13    God:    Ru [......]
Gold:   233        SH:  0    Dex: 12    Spells: 8/9 levels left

rFire    . . .     SeeInvis .   a - +3 dire flail
rCold    + . .     Gourm    .   (shield currently unavailable)
rNeg     . . .     Faith    .   w - +0 chain mail
rPois    .         Spirit   .   (no helmet)
rElec    .         Reflect  .   (no cloak)
rCorr    +         Harm     .   (no gloves)
MR       .....                  k - +0 pair of boots
Stlth    ..........             p - amulet of the acrobat
HPRegen  0.21/turn              C - ring of resist corrosion
MPRegen  0.11/turn              (no ring)

@: no status effects
A: talons 1, cold resistance 1, powered by pain 1, freezing cloud immunity,
sturdy frame 1
a: Renounce Religion


You were on level 4 of the Dungeon.
You worshipped Ru.
Ru was noncommittal.
You were not hungry.

You visited 2 branches of the dungeon, and saw 7 of its levels.

You collected 233 gold pieces.

Inventory:

Hand Weapons
 a - a +3 dire flail (weapon)
 b - a +2 hunting sling of freezing
   (You found it on level 1 of the Dungeon)
 c - a +0 spear
 r - a +0 trident
 u - a +2 dagger
 v - a +0 war axe
 x - a +0 whip of electrocution
   (You took it off Pikel on level 5 of the Dungeon)
 y - a +2 scythe of venom
   (You found it on level 5 of the Dungeon)
 z - a +1 dagger of venom
   (You took it off a goblin on level 3 of the Dungeon)
 B - a +0 blowgun
 D - a +1 vampiric war axe
   (You took it off an orc on level 6 of the Dungeon)
Missiles
 t - 19 tomahawks (quivered)
 Y - 142 stones
Armour
 d - a +0 buckler
 k - a +0 pair of boots (worn)
 q - a +2 leather armour of cold resistance
   (You took it off an orc on level 2 of the Dungeon)
 w - a +0 chain mail (worn)
Jewellery
 p - an amulet of the acrobat (around neck)
 C - a ring of resist corrosion (left hand)
Wands
 h - a wand of polymorph (21)
 s - a wand of iceblast (1)
Scrolls
 g - a scroll of teleportation {!r}
 l - a scroll of remove curse
 A - a scroll of identify
 E - a scroll of fear {!r}
Potions
 i - a potion of ambrosia {unknown}
 m - a potion of curing
 n - a potion of haste {unknown}
 o - a potion of berserk rage
Comestibles
 f - 13 rations
 j - 5 chunks of flesh


   Skills:
 - Level 8.3 Fighting
 * Level 3.2 Maces & Flails
 + Level 6.2 Armour
 - Level 2.6 Stealth
 - Level 1.0 Shields
 - Level 1.0 Spellcasting
 - Level 2.6 Translocations
   Level 1.0 Earth Magic


You had 8 spell levels left.
You knew the following spells:

 Your Spells              Type           Power        Failure   Level  Hunger
A - Apportation           Tloc           #.....       56%         1    ##.....

Your spell library contained the following spells:

 Spells                   Type           Power        Failure   Level  Hunger
 Lesser Beckoning         Tloc           #.........   90%         3    ####...


Dungeon Overview and Level Annotations

Branches:
Dungeon (6/15)             Temple (1/1) D:6

Altars:
Dithmenos
Elyvilon
Hepliaklqana
Nemelex Xobeh
Qazlal
Ru
Sif Muna
Trog
Uskayaw
Vehumet
Wu Jian
Xom
Yredelemnul
The Shining One
Lugonu

Shops:
D:5 [


Innate Abilities, Weirdness & Mutations

You have sharp toenails.
Your flesh is cold resistant. (rC+)
You sometimes gain a little power by taking damage.
You are immune to freezing clouds.
Your movements are slightly less encumbered by armour. (ER -2)


Message History

There is a stone staircase leading up here.
The orc wizard looks encouraged for a moment.
The orc warrior hits you with a battleaxe!
You climb upwards.
There is a stone staircase leading down here.
Damage: 10 (max 10) Unknown command.
The orc wizard closely misses you. The orc warrior completely misses you.
The orc wizard casts a spell.
The orc wizard flickers and vanishes!
Deactivating autopickup; reactivate with Ctrl-A.
You see here a flail.
You barely miss something. Something hits you but does no damage.
The orc warrior hits you with a battleaxe!
* * * LOW HITPOINT WARNING * * *
Something hits you but does no damage.
Damage: 11 (max 11)
You miss something. Something hits you but does no damage.
The orc warrior hits you with a battleaxe.
* * * LOW HITPOINT WARNING * * *
Damage: 6 (max 11)
You thump the orc warrior!
The orc warrior is moderately wounded.
You hear some strange, mumbled words.
A puff of flame appears from out of thin air!
The puff of flame hits you!
You hear some strange, mumbled words.
A magic dart appears from out of thin air!
The magic dart hits you! Something misses you.
You miss something. Something hits you but does no damage.
The orc warrior hits you with a battleaxe.
* * * LOW HITPOINT WARNING * * *
Something hits you.
* * * LOW HITPOINT WARNING * * *
Damage: 6 (max 11)
You hit something.
Reactivating autopickup.
You feel a bit more experienced.
The orc warrior hits you with a battleaxe!
* * * LOW HITPOINT WARNING * * *
Damage: 12 (max 12) Unknown command.
Evoke which item? (* to show all) (? for menu, Esc to quit)
Aiming: Iceblast
Press: ? - help, Shift-Dir - straight line The mass of ice explodes!
The iceblast engulfs the orc warrior.
The orc warrior is severely wounded.
The orc warrior hits you with a battleaxe!
You die...

######### ########## #.......#
#####........# #.......#
###......###.... #.......#
#........# #....
#####.......######........###....
............)....................
###.#.......######...###.########
#.#########>)..................
#.# #.)o@................ #.#
#.########.#.######## #.#
#####.##### #.#.# ######
#.#####.........# #.#.# #.....
#.##....###.###.# #.#.# #.####
###.##....###...#.# #.#.# #.#
#...............#.####.#.# #.#
##..##...................# #.####
#..##...................# #....)


You could see an orc warrior.

Vanquished Creatures
  Pikel (D:5)
  Edmund (D:5)
  Duvessa (D:5)
  A slave (D:5)
  2 sky beasts (D:6)
  A centaur (D:5)
  An ogre (Temple)
  Blork the orc (D:4)
  Dowan (D:5)
  A water moccasin skeleton (D:5)
  A howler monkey (D:4)
  A centaur zombie (D:3)
  A quasit (D:5)
  4 orc priests
  A hound (D:6)
  A centaur skeleton (D:6)
  5 orc wizards
  Ijyb (D:4)
  6 adders
  2 oozes
  An adder zombie (D:6)
  An adder skeleton (D:4)
  A worm (D:2)
  3 dart slugs
  3 leopard geckos
  20 orcs
  2 ball pythons
  10 bats
  9 giant cockroaches
  11 goblins
  4 hobgoblins
  3 quokkas
  2 frilled lizards
  2 gnoll zombies (D:5)
  8 kobolds
  A leopard gecko skeleton (D:6)
  A quokka skeleton (D:5)
  9 rats
125 creatures vanquished.

Vanquished Creatures (others)
  Sigmund (D:5)
  3 slaves (D:5)
  A crimson imp (D:5)
  A bullfrog skeleton (D:5)
  An adder (D:5)
  3 orcs (D:5)
10 creatures vanquished.

Grand Total: 135 creatures vanquished

Notes
Turn   | Place    | Note
-------+----------+-------------------------------------------
     0 | D:1      | Gorice the Demonspawn Wanderer began the quest for the Orb.
     0 | D:1      | Gorice set off with: a +2 dagger, a potion of berserk rage,
                  | a +0 spear, a +0 robe, a ration
     0 | D:1      | Reached XP level 1. HP: 15/15 MP: 2/2
     2 | D:1      | Learned a level 1 spell: Apportation
   286 | D:1      | Reached skill level 2 in Fighting
   295 | D:1      | Gained mutation: You have sharp toenails. [demonic
                  | ancestry]
   295 | D:1      | Reached XP level 2. HP: 17/22 MP: 3/3
   861 | D:1      | Reached skill level 3 in Fighting
   868 | D:1      | Gained mutation: Your movements are slightly less
                  | encumbered by armour. (ER -2) [demonic ancestry]
   868 | D:1      | Reached XP level 3. HP: 18/29 MP: 4/4
  1679 | D:2      | Gained mutation: Your flesh is cold resistant. (rC+)
                  | [demonic ancestry]
  1679 | D:2      | Reached XP level 4. HP: 28/37 MP: 5/5
  1699 | D:2      | Reached skill level 4 in Fighting
  1734 | D:2      | Found a sacrificial altar of Ru.
  1786 | D:2      | Became a worshipper of Ru the Awakened
  2207 | D:3      | HP: 10/37 [centaur zombie (4)]
  2970 | D:3      | Gained mutation: You are immune to freezing clouds.
                  | [demonic ancestry]
  2970 | D:3      | Reached XP level 5. HP: 39/43 MP: 6/6
  3091 | D:3      | Reached skill level 5 in Fighting
  3180 | D:3      | HP: 13/44 [poisoned by an adder]
  3186 | D:3      | HP: 10/44 [poisoned by an adder]
  3191 | D:3      | HP: 9/44 [poisoned by an adder]
  3198 | D:3      | HP: 8/44 [poisoned by an adder]
  3206 | D:3      | HP: 7/44 [poisoned by an adder]
  3745 | D:4      | Noticed Blork the orc
  3762 | D:4      | Killed Blork the orc
  3764 | D:4      | Found a sparkling altar of Nemelex Xobeh.
  3821 | D:4      | HP: 9/46 [orc priest/flail (7)]
  3825 | D:4      | Reached skill level 6 in Fighting
  3825 | D:4      | Gained mutation: You sometimes gain a little power by
                  | taking damage. [demonic ancestry]
  3825 | D:4      | Reached XP level 6. HP: 11/52 MP: 7/7
  4150 | D:4      | Noticed Ijyb
  4178 | D:4      | Killed Ijyb
  4428 | D:4      | Found a shadowy altar of Dithmenos.
  4869 | D:5      | Entered Level 5 of the Dungeon
  4869 | D:5      | Noticed Pikel
  4869 | D:5      | Noticed a slave
  4869 | D:5      | Noticed a slave
  4869 | D:5      | Noticed a slave
  4869 | D:5      | Noticed a slave
  4948 | D:5      | Reached skill level 7 in Fighting
  4948 | D:5      | Reached skill level 1 in Armour
  5033 | D:5      | Noticed Dowan
  5066 | D:5      | Reached XP level 7. HP: 33/60 MP: 8/8
  5072 | D:5      | Killed Dowan
  5072 | D:5      | Reached skill level 2 in Armour
  5137 | D:5      | Noticed Sigmund
  5138 | D:5      | Killed Pikel
  5138 | D:5      | Reached skill level 4 in Armour
  5138 | D:5      | Reached XP level 8. HP: 38/68 MP: 9/9
  5161 | D:5      | Killed Sigmund
  5161 | D:5      | Reached skill level 8 in Fighting
  5175 | D:5      | Noticed Duvessa
  5187 | D:4      | HP: 20/68 [poisoned by Sigmund]
  5466 | D:5      | Killed Duvessa
  5466 | D:5      | Reached skill level 5 in Armour
  5476 | D:5      | Found an ornate altar of the Wu Jian Council.
  5476 | D:5      | HP: 19/68 [centaur/arrow (10)]
  5477 | D:5      | Found a stormy altar of Qazlal.
  5489 | D:5      | HP: 20/68 [orc wizard/dagger (1)]
  5492 | D:5      | Noticed Edmund
  5502 | D:5      | Killed Edmund
  5856 | D:5      | Found a basalt altar of Yredelemnul.
  5935 | D:5      | Found Iteep's Armour Boutique.
  6149 | D:6      | Reached skill level 1 in Maces & Flails
  6231 | D:6      | Reached skill level 2 in Maces & Flails
  6231 | D:6      | Reached skill level 6 in Armour
  6267 | D:6      | Found a staircase to the Ecumenical Temple.
  6307 | D:6      | HP: 15/69 [orc priest/divine providence (9)]
  6314 | D:6      | HP: 3/69 [orc priest/divine providence (11)]
  6318 | Temple   | Entered the Ecumenical Temple
  6319 | Temple   | HP: 10/69 [ogre/giant club (15)]
  6668 | D:6      | Reached skill level 3 in Maces & Flails
  6711 | D:4      | HP: 20/69 [orc warrior/battleaxe (5)]
  6712 | D:4      | HP: 7/69 [orc warrior/battleaxe (12)]
  6714 | D:4      | Slain by an orc warrior

Vault maps used:
D:1:      minmay_arrival_four_loops, kennysheep_small_spiral,
          minmay_misc_feat_more_columns, dk_noncrumbling_2, hex_tiny,
          palyth_stone_intersect
D:2:      nicolae_ru_awakened_eye, first_ration
D:4:      marbit_many_paths, old_standard_altar, uniq_ijyb, uniq_blork_the_orc
D:5:      lemuel_zombie_altar_yredelemnul, gammafunk_temple_overflow_pools,
          serial_shops, nicolae_shop_statue_plus, supply_closet_lemuel,
          uniq_duvessa, uniq_pikel, uniq_sigmund, uniq_edmund
D:6:      minmay_temple_entry_purple_smoke, uniq_crazy_yiuf_cottage
Temple:   corrupted_temple

Skill      XL: |  1  2  3  4  5  6  7  8 |
---------------+-------------------------+-----
Fighting       | 2 3 4 6 7 8 |  8.3
Armour         | 1 4 6 |  6.2
Maces & Flails | 3 |  3.2
Stealth        | |  2.6
Shields        | |  1.0
Spellcasting   | |  1.0
Translocations | |  2.6
Earth Magic    | |  1.0

Action                   |  1- 3 |  4- 6 |  7- 9 || total
-------------------------+-------+-------+-------++-------
Melee: Dagger            |   128 |   215 |    69 ||   412
       Kick              |    20 |    40 |       ||    60
       Dire flail        |       |       |    90 ||    90
 Fire: Hunting sling     |       |    19 |       ||    19
Throw: Stone             |     8 |       |       ||     8
       Tomahawk          |       |     4 |       ||     4
Invok: Reject Sacrifices |       |     1 |       ||     1
Evoke: Wand              |       |       |     7 ||     7
  Use: Scroll            |       |     7 |     3 ||    10
       Potion            |       |     1 |     4 ||     5
 Stab: Sleeping          |     7 |     2 |       ||     9
       Invisible         |       |       |     1 ||     1
  Eat: Chunk             |     2 |    11 |     6 ||    19
Armor: Robe              |    29 |     7 |       ||    36
       Leather armour    |       |    18 |       ||    18
       Chain mail        |       |    23 |   111 ||   134
Dodge: Dodged            |    71 |    88 |    83 ||   242
Block: Buckler           |    11 |    23 |    13 ||    47

Table legend:
 A = Non-vault XP
 B = Vault XP
 C = Vault XP percentage of total XP
 D = Non-vault monster count
 E = Vault monster count
 F = Vault count percentage of total count
                 A         B        C        D         E       F
            +---------+---------+-------+---------+---------+-------
      Total |    1442 |    1159 |  44.6 |     116 |       9 |   7.2
            +---------+---------+-------+---------+---------+-------
        D:1 |      46 |       0 |   0.0 |      23 |       0 |   0.0
        D:2 |      73 |       0 |   0.0 |      24 |       0 |   0.0
        D:3 |     130 |       0 |   0.0 |      26 |       0 |   0.0
        D:4 |     291 |     127 |  30.4 |      12 |       2 |  14.3
        D:5 |     375 |    1032 |  73.3 |      13 |       7 |  35.0
        D:6 |     406 |       0 |   0.0 |      16 |       0 |   0.0
     Temple |     121 |       0 |   0.0 |       2 |       0 |   0.0
            +---------+---------+-------+---------+---------+-------

Table legend:
 A = Turns spent in this place as a percentage of turns spent in the entire game.
 B = Non-inter-level travel turns spent in this place as a percentage of non-inter-level travel turns spent in the entire game.
 C = Inter-level travel turns spent in this place as a percentage of turns spent in this place.
 D = Turns resting spent in this place as a percentage of non-inter-level travel turns spent in this place.
 E = Turns spent auto-exploring this place as a percentage of non-inter-level travel turns spent in this place.
 F = Non-inter-level travel turns spent in this place divided by the number of levels of this place that you've seen.
                   A       B       C       D       E      F
               +-------+-------+-------+-------+-------+----------------------
         Total | 100.0 | 100.0 |   3.1 |  39.2 |  30.0 | 929.3
       Dungeon |  94.9 |  94.8 |   3.3 |  37.0 |  31.2 | 1027.5
        Temple |   5.1 |   5.2 |   0.0 |  80.3 |   8.8 | 340.0
               +-------+-------+-------+-------+-------+----------------------

Vault maps used:
D:1:      minmay_arrival_four_loops, kennysheep_small_spiral,
          minmay_misc_feat_more_columns, dk_noncrumbling_2, hex_tiny,
          palyth_stone_intersect
D:2:      nicolae_ru_awakened_eye, first_ration
D:4:      marbit_many_paths, old_standard_altar, uniq_ijyb, uniq_blork_the_orc
D:5:      lemuel_zombie_altar_yredelemnul, gammafunk_temple_overflow_pools,
          serial_shops, nicolae_shop_statue_plus, supply_closet_lemuel,
          uniq_duvessa, uniq_pikel, uniq_sigmund, uniq_edmund
D:6:      minmay_temple_entry_purple_smoke, uniq_crazy_yiuf_cottage
Temple:   corrupted_temple
